 Dungeon Crawl Stone Soup version 0.31-a0-408-gb642c7f9a3 (webtiles) character file.

Game seed: 991820436978705396

77 RepHenryClay the Magician (level 4, -5/24 HPs)
             Began as a Deep Elf Hedge Wizard on July 30, 2023.
             Killed from afar by an orc wizard (10 damage)
             ... with a puff of flame
             ... on level 3 of the Dungeon.
             The game lasted 00:01:55 (1136 turns).

RepHenryClay the Magician (Deep Elf Hedge Wizard)   Turns: 1136, Time: 00:01:55

Health: -5/24      AC:  3    Str:  7    XL:     4   Next: 14%
Magic:  12/12      EV: 12    Int: 21    God:
Gold:   40         SH:  0    Dex: 14    Spells: 5/11 levels left

rFire   . . .        i - +2 lajatang (venom)
rCold   . . .        (shield currently unavailable)
rNeg    + . .        b - +0 robe
rPois   .            o - +0 helmet
rElec   .            (no cloak)
rCorr   .            (no gloves)
SInv    .            (no boots)
Will    .....        (no amulet)
Stlth   ++           e - ring of positive energy
HPRegen 0.24/turn    (no ring)
MPRegen 0.13/turn

%: no passive effects
@: no status effects
A: no striking features
a: no special abilities


You were on level 3 of the Dungeon.
You visited 1 branch of the dungeon, and saw 3 of its levels.

You collected 76 gold pieces.
You spent 36 gold pieces at shops.

Inventory:

Hand Weapons
 a - a +0 dagger
 i - a +2 lajatang of venom (weapon)
Armour
 b - a +0 robe (worn)
 c - a +0 hat
 o - a +0 helmet (worn)
Jewellery
 e - a ring of positive energy (left hand)
Scrolls
 g - a scroll of identify {unknown}
 l - a scroll of acquirement {unknown}
 m - a scroll of revelation {unknown}
 n - a scroll of teleportation
 p - a scroll of fear {unknown}
Potions
 d - a potion of magic
 f - a potion of curing
 h - a potion of heal wounds {unknown}
 j - a potion of lignification {unknown}
 k - a potion of mutation {unknown}


   Skills:
 - Level 2.4 Dodging
 - Level 2.4 Stealth
 - Level 4.4 Spellcasting
 + Level 4.4 Conjurations
 - Level 1.1 Summonings
 - Level 1.1 Translocations


You had 5 spell levels left.
You knew the following spells:

 Your Spells              Type           Power      Damage    Failure   Level
a - Magic Dart            Conj           92%        1d7       1%          1
b - Mephitic Cloud        Conj/Pois/Air  10%        N/A       19%         3
c - Blink                 Tloc           18%        N/A       11%         2

Your spell library contained the following spells:

 Spells                   Type           Power      Damage    Failure   Level
 Call Imp                 Summ           18%        N/A       11%         2
 Slow                     Hex            16%        N/A       12%         1
 Cigotuvi's Dreadful Rot  Necr/Pois/Air  8%         N/A       17%         2


Dungeon Overview and Level Annotations

Branches:
Dungeon (3/15)

Altars:

Shops:
D:3 *

Annotations:
D:2 Sigmund


Message History

The adder misses you. The orc wizard casts a spell at you.
The puff of flame hits you!
* * * LOW HITPOINT WARNING * * *
Huge Dmg: -42%(-10hp) hp: 21%(5hp) It was a potion of curing.
You feel better. The adder bites you but does no damage.
The orc wizard hits you with a +0 dagger.
The adder closely misses you.
You barely miss the adder.
The orc wizard hits you but does no damage.
The adder barely misses you.
Casting: Magic Dart (safe; 1% risk of failure)
Confirm with . or Enter, or press ? or * to list all spells.
The spell is extremely dangerous to miscast (19% risk of failure)!
Continue anyway?
Okay, then.
Casting: Mephitic Cloud (extremely dangerous; 19% risk of failure)
Confirm with . or Enter, or press ? or * to list all spells.
Okay, then.
You closely miss the adder. The adder barely misses you.
The orc wizard hits you but does no damage.
The adder barely misses you. The orc wizard misses you.
You miss the adder. The adder bites you.
The orc wizard points at you and mumbles some strange words.
The magic dart hits you.
* * * LOW HITPOINT WARNING * * *
The adder closely misses you.
Huge Dmg: -25%(-6hp) hp: 38%(9hp)
The adder bites you.
* * * LOW HITPOINT WARNING * * *
Huge Dmg: -8%(-2hp) hp: 30%(7hp)
The adder bites you.
* * * LOW HITPOINT WARNING * * *
The adder completely misses you.
Huge Dmg: -9%(-2hp) hp: 21%(5hp)
The orc wizard attacks as you move away!
The orc wizard hits you but does no damage.
The orc wizard gestures at you while chanting.
The puff of flame hits you!
You die...

##... #....# #....#
#....# #####....#
#...+....#
...#..o)##
#.####oS# #.@.oo..#
####.[..#####
≈#≈~...>..###
≈≈≈≈≈~~...#...#
#≈≈≈≈≈~.~...#.# #..
###≈≈≈≈~P~....# #..
##≈~≈~~~~~..####..
..~~≈≈≈≈P~........
.....~K≈≈~~~...##..


You could see an orc wizard, an adder and 2 orcs.

Vanquished Creatures
  6 adders
  2 orcs (D:3)
  3 ball pythons
  5 endoplasms
  A goblin (D:3)
  3 kobolds
  2 bats (D:1)
  2 rats (D:3)
24 creatures vanquished.

Notes
Turn   | Place    | Note
-------+----------+-------------------------------------------
     0 | D:1      | RepHenryClay the Deep Elf Hedge Wizard began the quest for
                  | the Orb.
     0 | D:1      | Reached XP level 1. HP: 10/10 MP: 7/7
   401 | D:1      | Reached XP level 2. HP: 15/15 MP: 9/9
   423 | D:1      | You fall into a shaft and drop 1 floor!
   554 | D:2      | Reached XP level 3. HP: 19/19 MP: 5/10
   689 | D:2      | Noticed Sigmund
   709 | D:3      | Learned a level 3 spell: Mephitic Cloud
   712 | D:3      | Learned a level 2 spell: Blink
   973 | D:3      | Found Seqeych's General Store.
   994 | D:3      | Bought a scroll of teleportation for 36 gold pieces
  1042 | D:3      | Reached XP level 4. HP: 24/24 MP: 6/12
  1136 | D:3      | Killed from afar by an orc wizard

Illustrated notes

Levels and vault maps discovered:
D:1:      dpeg_arrival_connections, layout_loops_cross,
          hellmonk_ecumenical_altar_defaced_shrine
D:2:      layout_rooms, serial_shops, shop, uniq_sigmund
D:3:      layout_basic, tgw_xom, serial_shops, shop, nicolae_shop_peninsula,
          shop, hangedman_abyss_or_decor_lesser_grid, minmay_strange_pillars,
          chequers_big_river

Skill      XL: |  1  2  3 |
---------------+----------+-----
Conjurations   | 2 3 4 |  4.4
Dodging        | |  2.4
Stealth        | |  2.4
Spellcasting   | |  4.4
Summonings     | |  1.1
Translocations | |  1.1

Action                     |  1- 3 |  4- 6 || total
---------------------------+-------+-------++-------
  Melee: Lajatang          |     9 |     9 ||    18
   Cast: Magic Dart        |    43 |     4 ||    47
    Use: Potion            |       |     1 ||     1
 Armour: Robe              |       |     5 ||     5
  Dodge: Dodged            |     9 |    16 ||    25

Table legend: (Time is in decaauts)
 A = Elapsed time spent in this place.
 B = Non-inter-level travel time spent in this place.
 C = Inter-level travel time spent in this place.
 D = Time resting spent in this place.
 E = Time spent auto-exploring this place.
 F = Levels seen in this place.
 G = Mean time per level.
                   A        B        C        D        E       F      G
               +--------+--------+--------+--------+--------+-----+--------+
         Total |   1141 |   1141 |      0 |      0 |    954 |   3 |  380.3 |
       Dungeon |   1141 |   1141 |      0 |      0 |    954 |   3 |  380.3 |
               +--------+--------+--------+--------+--------+-----+--------+

Top non-repeatable levels by time:
     D:3: 435 daAuts
     D:1: 424 daAuts
     D:2: 282 daAuts
